 Dungeon Crawl Stone Soup version 0.25-a0-435-g4b9beb1024 (webtiles) character file.

Game seed: 2315044625242265815, levelgen mode: deterministic

1292 Archen the Cleaver (level 8, -3/70 (71) HPs)
             Began as a Minotaur Berserker on Jan 29, 2020.
             Was an Elder of Trog.
             Slain by a sky beast (6 damage)
             ... on level 5 of the Dungeon.
             The game lasted 00:09:39 (4320 turns).

Archen the Cleaver (Minotaur Berserker)             Turns: 4320, Time: 00:09:39

HP:   -3/70 (71)    AC: 11    Str: 24    XL:     8   Next: 30%
MP:   7/7           EV: 10    Int:  4    God:    Trog [****..]
Gold: 222           SH:  6    Dex: 10    Spells: 7/7 levels left

rFire    + . .     SeeInvis .   a - +0 hand axe
rCold    x . .     Gourm    .   (no shield)
rNeg     . . .     Faith    .   d - +0 chain mail
rPois    .         Spirit   .   (helmet restricted)
rElec    .         Reflect  +   (no cloak)
rCorr    .         Harm     .   k - +0 pair of gloves
MR       .....                  (no boots)
Stlth    ..........             t - +6 amulet of reflection
HPRegen  0.21/turn              q - ring of fire
MPRegen  0.10/turn              (no ring)

@: berserk cooldown, slowed, very slow
A: retaliatory headbutt, horns 2
a: Berserk, Trog's Hand, Brothers in Arms, Renounce Religion


You were on level 5 of the Dungeon.
You worshipped Trog.
Trog was greatly pleased with you.
You were near starving.

You visited 1 branch of the dungeon, and saw 5 of its levels.

You collected 222 gold pieces.

Inventory:

Hand Weapons
 a - a +0 hand axe (weapon)
Armour
 d - a +0 chain mail (worn)
 k - a +0 pair of gloves (worn)
 w - a +2 ring mail of cold resistance
Jewellery
 q - a ring of fire (left hand)
 t - a +6 amulet of reflection (around neck)
Scrolls
 b - 5 scrolls of teleportation
 h - a scroll of fear
 l - 3 scrolls of enchant weapon
 o - a scroll of immolation {unknown}
 p - a scroll of enchant armour {unknown}
 r - 2 scrolls of remove curse
 s - 2 scrolls of amnesia
 u - a scroll of fog {unknown}
Potions
 e - 4 potions of degeneration
 f - 2 potions of agility
 i - a potion of heal wounds {unknown}
 j - 2 potions of haste
 m - a potion of curing {unknown}
 n - a potion of magic {unknown}
Comestibles
 c - 11 rations


   Skills:
 + Level 6.4 Fighting
 * Level 8.5 Axes
 + Level 5.9 Armour
 + Level 5.2 Dodging


You had 7 spell levels left.
You didn't know any spells.
Your spell library was empty.

Dungeon Overview and Level Annotations

Branches:
Dungeon (5/15)             Temple (0/1) D:4

Altars:
Fedhas


Innate Abilities, Weirdness & Mutations

You reflexively headbutt those who attack you in melee.
You have a pair of horns on your head.


Message History

The gnoll closely misses you. You furiously retaliate!
You headbutt the gnoll!
You kill the gnoll!
Trog accepts your kill.
You can now call in reinforcements.
The crimson imp laughs crazily.
Something hits you but does no damage.
The crimson imp blinks!
Something hits you but does no damage.
There are monsters nearby!
Something hits you.
* * * LOW HITPOINT WARNING * * *
Something shocks you.
* * * LOW HITPOINT WARNING * * *
You slash something! Your headbutt misses something. Something hits you.
* * * LOW HITPOINT WARNING * * *
Something shocks you.
* * * LOW HITPOINT WARNING * * *
The crimson imp blinks!
You block the gnoll sergeant's attack. Something hits you.
* * * LOW HITPOINT WARNING * * *
Something shocks you.
You die...

### #.#.#######
.......#.#
#.....#.#
#..##.#.#
#.#.......######
#.....))#5gg.@.#
#.....)<§.####.#
...%..††#{# .#
#.....#...# .#
......#.#.. .#
#.... ..#.## ##
..>.....#!#
....##..#.# #.##
#..#.#


You could see a gnoll sergeant, a gnoll and a crimson imp.

Vanquished Creatures
  Eustachio (D:4)
  Edmund (D:5)
  A sky beast (D:3)
  A necrophage (D:5)
  An ogre (D:4)
  A bullfrog (D:4)
  2 crimson imps (D:5)
  2 hounds
  An iguana (D:4)
  2 orc priests (D:4)
  4 orc wizards
  2 centaur skeletons
  Terence (D:2)
  A worker ant (D:4)
  9 adders
  3 gnolls
  3 river rats (D:4)
  2 oozes (D:1)
  4 worms
  6 dart slugs
  2 leopard geckos
  19 orcs
  2 ball pythons (D:2)
  8 giant cockroaches
  5 goblins
  4 hobgoblins
  4 jackals (D:1)
  A quokka (D:4)
  5 bats
  5 frilled lizards
  8 kobolds
  13 rats
124 creatures vanquished.

Vanquished Creatures (others)
  2 fungi (D:2)
2 creatures vanquished.

Grand Total: 126 creatures vanquished

Notes
Turn   | Place    | Note
-------+----------+-------------------------------------------
     0 | D:1      | Archen the Minotaur Berserker began the quest for the Orb.
     0 | D:1      | Reached XP level 1. HP: 19/19 MP: 0/0
   192 | D:1      | Reached XP level 2. HP: 15/27 MP: 1/1
   212 | D:1      | Reached skill level 4 in Axes
   505 | D:1      | Reached XP level 3. HP: 33/33 MP: 2/2
   521 | D:1      | Reached ** piety under Trog
   887 | D:2      | You fall into a shaft and drop 2 floors!
   887 | D:4      | Found a staircase to the Ecumenical Temple.
   893 | D:4      | Reached XP level 4. HP: 38/40 MP: 3/3
   949 | D:4      | Reached skill level 5 in Axes
   978 | D:4      | Reached XP level 5. HP: 32/47 MP: 4/4
  1059 | D:4      | Noticed an ogre
  1064 | D:4      | Killed an ogre
  1494 | D:4      | Reached XP level 6. HP: 55/55 MP: 5/5
  1500 | D:4      | Reached skill level 6 in Axes
  1526 | D:4      | Reached skill level 5 in Fighting
  2159 | D:4      | Noticed Eustachio
  2179 | D:4      | Killed Eustachio
  2179 | D:4      | Reached skill level 7 in Axes
  2179 | D:4      | Reached XP level 7. HP: 39/61 MP: 6/6
  2498 | D:4      | Reached skill level 5 in Armour
  2876 | D:3      | Reached *** piety under Trog
  3484 | D:2      | Noticed Terence
  3494 | D:2      | Killed Terence
  3756 | D:2      | Found a faded altar of an unknown god.
  3986 | D:2      | Found a blossoming altar of Fedhas.
  4267 | D:5      | Entered Level 5 of the Dungeon
  4281 | D:5      | Noticed Edmund
  4293 | D:5      | Reached XP level 8. HP: 61/69 MP: 7/7
  4295 | D:5      | Reached skill level 8 in Axes
  4295 | D:5      | Reached skill level 5 in Dodging
  4303 | D:5      | Killed Edmund
  4315 | D:5      | Reached **** piety under Trog
  4320 | D:5      | HP: 3/70 [something (2)]
  4320 | D:5      | Slain by a sky beast

Levels and vault maps discovered:
D:1:      dpeg_arrival_concentric_ovals, layout_loops_corners
D:2:      layout_basic, fedhas_altar_3, chequers_ecumenical_altar_grove,
          minmay_misc_feat_columns, uniq_terence
D:3:      layout_basic
D:4:      layout_layer_cave, temple_pool_b, portal_sewer_entry_b, first_ration,
          kennysheep_small_spiral, uniq_eustachio
D:5:      layout_basic, uniq_pikel, uniq_blork_the_orc, uniq_edmund

Skill      XL: |  1  2  3  4  5  6  7  8 |
---------------+-------------------------+-----
Axes           | 4 5 7 8 |  8.5
Fighting       | 4 5 6 |  6.4
Armour         | 3 4 5 |  5.9
Dodging        | 3 4 5 |  5.2

Action                   |  1- 3 |  4- 6 |  7- 9 || total
-------------------------+-------+-------+-------++-------
Melee: Hand axe          |    64 |   111 |   169 ||   344
       Headbutt          |    12 |    19 |    26 ||    57
Invok: Berserk           |       |     1 |     1 ||     2
  Use: Scroll            |       |       |     8 ||     8
  Eat: Chunk             |       |     5 |     6 ||    11
Armor: Animal skin       |     2 |       |       ||     2
       Ring mail         |    15 |    36 |    46 ||    97
       Chain mail        |       |       |    22 ||    22
Dodge: Dodged            |    36 |    56 |    83 ||   175
Block: Other             |       |       |    21 ||    21
       Reflection        |       |       |     3 ||     3

Table legend:
 A = Non-vault XP
 B = Vault XP
 C = Vault XP percentage of total XP
 D = Non-vault monster count
 E = Vault monster count
 F = Vault count percentage of total count
                 A         B        C        D         E       F
            +---------+---------+-------+---------+---------+-------
      Total |    1389 |     457 |  24.8 |     114 |      10 |   8.1
            +---------+---------+-------+---------+---------+-------
        D:1 |      86 |       0 |   0.0 |      32 |       0 |   0.0
        D:2 |      37 |      36 |  49.3 |      12 |       1 |   7.7
        D:3 |     218 |       0 |   0.0 |      25 |       0 |   0.0
        D:4 |     656 |     252 |  27.8 |      32 |       8 |  20.0
        D:5 |     392 |     169 |  30.1 |      13 |       1 |   7.1
            +---------+---------+-------+---------+---------+-------
